 Seeded DCSS version 0.32-a0-961-gd60f5e5fc7 (webtiles) character file.

Game seed: 202404179 (custom seed)

69 Orlauf the Slasher (level 4, -2/34 HPs)
             Began as a Demonspawn Gladiator on Apr 17, 2024.
             Slain by a goblin
             ... wielding a +0 club
             ... led by Robin
              (3 damage)
             ... on level 2 of the Dungeon.
             The game lasted 00:02:03 (1072 turns).

Orlauf the Slasher (Demonspawn Gladiator)           Turns: 1072, Time: 00:02:03

Health: -2/34      AC:  6    Str: 16    XL:     4   Next: 2%
Magic:  4/4        EV:  9    Int:  9    God:
Gold:   74         SH:  0    Dex: 14    Spells: 3/3 levels left

rFire   . . .        a - +1 long sword
rCold   . . .        (no shield)
rNeg    . . .        h - +0 scale mail
rPois   .            (helmet restricted)
rElec   .            (no cloak)
rCorr   .            (no gloves)
SInv    .            (no boots)
Will    .....        (no amulet) Stlth
                     (no ring)
HPRegen 0.25/turn    (no ring)
MPRegen 0.18/turn

%: no passive effects
@: mighty
A: antennae 1, magic regeneration
a: no special abilities


You were on level 2 of the Dungeon.
You visited 1 branch of the dungeon, and saw 2 of its levels.

You collected 74 gold pieces.

Inventory:

Hand Weapons
 a - a +1 long sword (weapon)
 b - a +0 short sword
Missiles
 d - 2 throwing nets (quivered)
 e - a javelin
Armour
 c - a +0 helmet
 h - a +0 scale mail (worn)
 l - a +0 leather armour
Wands
 i - a wand of acid (7)
Scrolls
 j - a scroll of teleportation
Potions
 k - 2 potions of mutation


   Skills:
 + Level 2.9 Fighting
 * Level 4.0 Long Blades
 - Level 1.7 Throwing
 - Level 2.6 Dodging


You had 3 spell levels left.
You didn't know any spells.
Your spell library contained the following spells:

 Spells                   Type           Power      Damage    Failure   Level
 Sandblast                Erth           0%         2d4       83%         1
 Call Canine Familiar     Summ           0%         N/A       99%         3
 Passwall                 Erth           0%         N/A       99%         3
 Sigil of Binding         Hex            0%         N/A       99%         3
 Stone Arrow              Conj/Erth      0%         3d7       99%         3
 Volatile Blastmotes      Fire/Tloc      0%         2d10      99%         3
 Dimensional Bullseye     Hex/Tloc       0%         N/A       100%        4
 Fulminant Prism          Conj/Alch      0%         3d5       100%        4
 Iskenderun's Mystic Bla Conj/Tloc 0%             2d3        (+2d1     100%        4
 Alistair's Intoxication  Alch           0%         N/A       100%        5
 Borgnjor's Vile Clutch   Necr/Erth      0%         N/A       100%        5
 Eringya's Noxious Bog    Alch           0%         4d6       100%        6


Dungeon Overview and Level Annotations

Branches:
Dungeon (2/15)

Altars:

Annotations:
D:2 Robin


Innate Abilities, Weirdness & Mutations

You have a pair of small antennae on your head.
You regenerate magic rapidly.


Message History

The goblin shouts!
Robin throws the goblin at you! The hobgoblin closely misses you.
The goblin hits you but does no damage. The hobgoblin closely misses you.
The goblin hits you with a +0 dagger.
* * * LOW HITPOINT WARNING * * *
It was a potion of might.
You feel very mighty all of a sudden.
The hobgoblin no longer looks unusually strong.
The goblin no longer looks unusually strong.
The hobgoblin hits you but does no damage.
The goblin hits you but does no damage.
You slash the hobgoblin!
You kill the hobgoblin!
The goblin no longer looks unusually strong.
The goblin hits you but does no damage.
You slash the goblin!
You kill the goblin!
The goblin no longer looks unusually strong.
The hobgoblin hits you but does no damage.
You slash the hobgoblin!
You kill the hobgoblin!
You hit the goblin.
You kill the goblin!
Robin throws the goblin at you! The goblin closely misses you.
Your Long Blades skill increases to level 4!
You hit the goblin.
You kill the goblin!
Robin throws the goblin at you!
* * * LOW HITPOINT WARNING * * *
The goblin hits you but does no damage. The goblin hits you with a +0 club.
* * * LOW HITPOINT WARNING * * *
You have reached level 4!
You feel clever.
You hit the goblin.
You kill the goblin!
The goblin hits you but does no damage.
Robin roars a battlecry!
The goblin goes into a battle-frenzy!
You barely miss the goblin. The goblin hits you with a +0 club.
You die...

#.##.###.#
#.##. #... #.##
#.### #.# .##
#.# #
.######.######
.............#
#######)####.##
#)@gg...#
####)...#
#{#..# ..#...#
### #.# g# #


You could see Robin and a goblin (strong).

Vanquished Creatures
  Terence (D:2)
  2 dart slugs
  2 bats (D:2)
  3 endoplasms (D:2)
  2 giant cockroaches
  10 goblins
  8 hobgoblins
  3 quokkas
  A ball python (D:1)
  3 rats
35 creatures vanquished.

Notes
Turn   | Place    | Note
-------+----------+-------------------------------------------
     0 | D:1      | Orlauf the Demonspawn Gladiator began the quest for the
                  | Orb.
     0 | D:1      | Reached XP level 1. HP: 16/16 MP: 1/1
   100 | D:1      | Reached skill level 3 in Long Blades
   220 | D:1      | Gained mutation: You regenerate magic rapidly. [demonic
                  | ancestry]
   220 | D:1      | Reached XP level 2. HP: 22/22 MP: 2/2
   797 | D:2      | Noticed Terence
   808 | D:2      | Killed Terence
   809 | D:2      | Gained mutation: You have a pair of small antennae on your
                  | head. [demonic ancestry]
   809 | D:2      | Reached XP level 3. HP: 9/28 MP: 3/3
  1053 | D:2      | Noticed Robin
  1061 | D:2      | HP: 1/28 [hobgoblin[Robin] (6)]
  1070 | D:2      | Reached skill level 4 in Long Blades
  1070 | D:2      | HP: 1/28 [goblin/+0 club[Robin] (4)]
  1071 | D:2      | Reached XP level 4. HP: 1/34 MP: 4/4
  1072 | D:2      | Slain by a goblin

Illustrated notes

Levels and vault maps discovered:
D:1:      dpeg_arrival_prison, layout_basic
D:2:      layout_loops_ring, minmay_hexomino_f4, uniq_terence, uniq_robin

Skill      XL: |  1  2  3 |
---------------+----------+-----
Long Blades    | 3 4 |  4.0
Fighting       | |  2.9
Throwing       | |  1.7
Dodging        | |  2.6

Action                     |  1- 3 |  4- 6 || total
---------------------------+-------+-------++-------
  Melee: Long sword        |    88 |     2 ||    90
  Throw: Throwing net      |     1 |       ||     1
    Use: Scroll            |     5 |       ||     5
         Potion            |     2 |       ||     2
 Armour: Leather armour    |    39 |       ||    39
         Scale mail        |    48 |     2 ||    50
  Dodge: Dodged            |    39 |       ||    39

Table legend: (Time is in decaauts)
 A = Elapsed time spent in this place.
 B = Non-inter-level travel time spent in this place.
 C = Inter-level travel time spent in this place.
 D = Time resting spent in this place.
 E = Time spent auto-exploring this place.
 F = Levels seen in this place.
 G = Mean time per level.
                   A        B        C        D        E       F      G
               +--------+--------+--------+--------+--------+-----+--------+
         Total |   1092 |   1065 |     27 |     70 |    751 |   2 |  546.0 |
       Dungeon |   1092 |   1065 |     27 |     70 |    751 |   2 |  546.0 |
               +--------+--------+--------+--------+--------+-----+--------+

Top non-repeatable levels by time:
     D:1: 766 daAuts
     D:2: 326 daAuts
